 Dungeon Crawl Stone Soup version 0.23.2-1-ga50397a6bc (webtiles) character file.

Game seed: 11762517346956258772

6236 Kobolds4U the Basher (level 10, -9/79 HPs)
             Began as a Demonspawn Berserker on Apr 26, 2019.
             Was an Elder of Trog.
             Mangled by a two-headed ogre
             ... wielding a +0 giant club
              (18 damage)
             ... on level 9 of the Dungeon.
             The game lasted 00:22:37 (8127 turns).

Kobolds4U the Basher (Demonspawn Berserker)         Turns: 8127, Time: 00:22:39

Health: -9/79      AC: 12    Str: 23    XL:     10   Next: 62%
Magic:  0/10       EV:  7    Int:  9    God:    Trog [****..]
Gold:   436        SH:  4    Dex: 15    Spells: 9/9 levels left

rFire    . . .     SeeInvis .   y - +10 morningstar "Eos" {elec, Halo rElec}
rCold    . . .     Gourm    .   (no shield)
rNeg     . . .     Faith    .   z - +0 plate armour
rPois    +         Spirit   +   (no helmet)
rElec    +         Reflect  .   (no cloak)
rCorr    +         Harm     +   (no gloves)
MR       ++...                  (no boots)
Stlth    ..........             b - amulet of harm
HPRegen  1.23/turn              l - ring of resist corrosion
MPRegen  0.12/turn              d - ring of poison resistance

@: mighty, regenerating, glowing
A: talons 2, large bone plates 1, powered by pain 1, magic shield
a: Berserk, Trog's Hand, Brothers in Arms, Renounce Religion


You were on level 9 of the Dungeon.
You worshipped Trog.
Trog was greatly pleased with you.
You were hungry.

You visited 2 branches of the dungeon, and saw 10 of its levels.

You collected 436 gold pieces.

Inventory:

Hand Weapons
 a - a +0 falchion
 x - a +0 long sword
 y - the +10 morningstar "Eos" (weapon) {elec, Halo rElec}
   (You found it on level 4 of the Dungeon)

   Occasionally, upon striking a foe, it will discharge some electrical energy
   and cause terrible harm.
   It insulates you from electricity.
Missiles
 w - 10 tomahawks (quivered)
 E - 3 tomahawks of returning
Armour
 e - a +0 chain mail of cold resistance
 f - a +0 ring mail
 v - a +0 ring mail
 z - a +0 plate armour (worn)
 H - the +4 chain mail of Bisar {rElec MR+, unknown}
   (You found it on level 3 of the Dungeon)

   It insulates you from electricity.
   It affects your resistance to hostile enchantments.
Jewellery
 b - an amulet of harm (around neck)
 d - a ring of poison resistance (right hand)
 l - a ring of resist corrosion (left hand)
 t - an uncursed ring of protection from magic
Wands
 p - a wand of random effects (44)
 C - a wand of acid (10)
Scrolls
 q - 2 scrolls of magic mapping
 r - 3 scrolls of teleportation
 A - a scroll of fog {unknown}
 D - 2 scrolls of identify
 F - a scroll of enchant weapon {unknown}
 I - a scroll of enchant armour {unknown}
 J - a scroll of silence {unknown}
Potions
 g - 3 potions of heal wounds
 h - 2 potions of lignification
 i - 6 potions of curing
 j - a potion of flight
 k - 2 potions of invisibility
 m - a potion of might {unknown}
 n - 3 potions of ambrosia
 o - a potion of magic {unknown}
 s - a potion of degeneration {unknown}
 u - 2 potions of berserk rage {unknown}
 B - 2 potions of agility {unknown}
Comestibles
 c - 15 rations
 G - 19 chunks of flesh


   Skills:
 + Level 7.5 Fighting
 - Level 5.9 Long Blades
 * Level 11.0 Maces & Flails
 + Level 5.6 Armour
 - Level 1.7 Dodging


You had 9 spell levels left.
You didn't know any spells.
Your spell library was empty.

Dungeon Overview and Level Annotations

Branches:
Dungeon (9/15)             Temple (1/1) D:4            Lair (0/6) D:9
    Orc (0/2) D:9

Altars:
Ashenzari
Cheibriados
Dithmenos
Elyvilon
Fedhas
Gozag
Hepliaklqana
Kikubaaqudgha
Makhleb
Nemelex Xobeh
Okawaru
Qazlal
Ru
Sif Muna
Trog
Uskayaw
Vehumet
Wu Jian
Xom
Yredelemnul
Zin
The Shining One

Shops:
D:6 =

Annotations:
D:4 1 runed translucent door, KinonikoII's ghost, novice HuFi


Innate Abilities, Weirdness & Mutations

You have razor-sharp toenails.
You are partially covered in large bone plates. (SH +4)
You sometimes gain a little power by taking damage.
When hurt, damage is shared between your health and your magic reserves.


Message History

The two-headed ogre hits you with a +0 giant club!
The two-headed ogre hits you with a +0 giant spiked club!!
You are too injured to fight recklessly!
You hit the two-headed ogre.
The two-headed ogre is severely wounded.
You hit the two-headed ogre. Your kick misses the two-headed ogre.
The two-headed ogre is severely wounded.
The two-headed ogre hits you with a +0 giant club!!
* * * LOW HITPOINT WARNING * * *
You focus on the pain.
You feel very mighty all of a sudden.
The two-headed ogre hits you with a +0 giant spiked club.
* * * LOW HITPOINT WARNING * * *
Your skin crawls.
You feel resistant to hostile enchantments.
You are feeling hungry.
The two-headed ogre hits you with a +0 giant club.
* * * LOW HITPOINT WARNING * * *
The two-headed ogre hits you with a +0 giant spiked club!
You die...

#...P.... #....... ##
###..... #.##
..#####..##... ##...
........).#.# #....
.##.....)... ###....###
..#.........
#.....O#.###|##........(
.......@.....###.#..##..
..##....##...###.#..##..
........###.##......###.
.........#..#.......#...
#.......................
##....##......###.......
##... #.......# .......
..#. ##.#....# .......
#.#....# .......


You could see a two-headed ogre.

Vanquished Creatures
  A two-headed ogre (D:8)
  A wyvern (D:8)
  A hungry ghost (D:3)
  Menkaure (D:3)
  2 wargs (D:9)
  Edmund (D:5)
  3 orc warriors
  A hornet zombie (D:6)
  A black bear (D:8)
  2 ice beasts (D:7)
  6 sky beasts
  3 phantoms
  3 ogres
  A big kobold (D:8)
  4 bullfrogs
  A wyvern skeleton (D:6)
  3 scorpions
  15 killer bees
  4 wights (D:7)
  3 howler monkeys (D:8)
  6 crimson imps
  A bullfrog zombie (D:5)
  2 hounds
  9 orc priests
  2 bullfrog skeletons
  2 jellies (D:6)
  3 iguanas
  13 orc wizards
  8 worker ants
  A killer bee zombie (D:9)
  2 worker ant zombies
  6 gnolls
  A howler monkey skeleton (D:7)
  12 adders
  2 oozes
  An adder zombie (D:9)
  5 worms
  7 leopard geckos
  47 orcs
  8 giant cockroaches
  4 goblins
  6 hobgoblins
  10 jackals
  13 kobolds
  4 quokkas
  3 ball pythons
  4 bats
  6 frilled lizards
  2 jackal skeletons (D:4)
  2 leopard gecko skeletons
  A quokka skeleton (D:6)
  5 rats
255 creatures vanquished.

Vanquished Creatures (others)
  A plant (D:9)
1 creature vanquished.

Grand Total: 256 creatures vanquished

Notes
Turn   | Place    | Note
-------+----------+-------------------------------------------
     0 | D:1      | Kobolds4U the Demonspawn Berserker began the quest for the
                  | Orb.
     0 | D:1      | Reached XP level 1. HP: 18/18 MP: 1/1
   298 | D:1      | Gained mutation: You have sharp toenails. [demonic
                  | ancestry]
   298 | D:1      | Reached XP level 2. HP: 24/24 MP: 2/2
  1017 | D:2      | Found a hazy altar of Hepliaklqana.
  1097 | D:2      | Gained mutation: When hurt, damage is shared between your
                  | health and your magic reserves. [demonic ancestry]
  1097 | D:2      | Reached XP level 3. HP: 29/29 MP: 3/3
  1132 | D:2      | Reached ** piety under Trog
  1584 | D:3      | Noticed a bullfrog
  1591 | D:3      | Killed a bullfrog
  1591 | D:3      | Reached XP level 4. HP: 15/35 MP: 2/4
  1856 | D:3      | Reached skill level 5 in Long Blades
  2260 | D:3      | Found a basalt altar of Yredelemnul.
  2260 | D:3      | Noticed Menkaure
  2334 | D:3      | Gained mutation: You have razor-sharp toenails. [demonic
                  | ancestry]
  2334 | D:3      | Reached XP level 5. HP: 41/41 MP: 5/5
  2618 | D:3      | Found an ancient bone altar of Kikubaaqudgha.
  2619 | D:3      | Found a transporter.
  2620 | D:3      | Found a transporter.
  2635 | D:3      | Noticed a hungry ghost
  2735 | D:4      | Noticed KinonikoII's ghost (novice HuFi)
  2892 | D:4      | Found the +10 morningstar "Eos" {elec, Halo rElec}
  2951 | D:4      | Reached *** piety under Trog
  2963 | D:4      | Reached skill level 1 in Maces & Flails
  3022 | D:4      | Reached XP level 6. HP: 46/47 MP: 6/6
  3075 | D:4      | Reached skill level 2 in Maces & Flails
  3082 | D:4      | Found a staircase to the Ecumenical Temple.
  3116 | Temple   | Entered the Ecumenical Temple
  3526 | D:4      | Reached skill level 3 in Maces & Flails
  3602 | D:4      | Found a runed translucent door.
  3694 | D:4      | Noticed a sky beast
  3714 | D:4      | Killed a sky beast
  3714 | D:4      | Reached skill level 4 in Maces & Flails
  3714 | D:4      | Gained mutation: You are partially covered in large bone
                  | plates. (SH +4) [demonic ancestry]
  3714 | D:4      | Reached XP level 7. HP: 44/52 MP: 7/7
  3820 | D:4      | Found a shattered altar of Ashenzari.
  3980 | D:5      | Entered Level 5 of the Dungeon
  3996 | D:5      | Reached skill level 5 in Maces & Flails
  4240 | D:5      | Reached **** piety under Trog
  4248 | D:5      | Reached skill level 6 in Maces & Flails
  4460 | D:5      | Found a radiant altar of Vehumet.
  4480 | D:5      | Found an iron altar of Okawaru.
  4598 | D:5      | Noticed Edmund
  4601 | D:5      | Killed Edmund
  4601 | D:5      | Gained mutation: You sometimes gain a little power by
                  | taking damage. [demonic ancestry]
  4601 | D:5      | Reached XP level 8. HP: 52/58 MP: 8/8
  4805 | D:6      | Reached skill level 7 in Maces & Flails
  4860 | D:6      | Found Biuteamp's Jewellery Boutique.
  5201 | D:6      | Received a gift from Trog
  5210 | D:6      | Reached skill level 8 in Maces & Flails
  5220 | D:6      | Found a stormy altar of Qazlal.
  5258 | D:6      | Noticed an air elemental
  5348 | D:6      | Found a shimmering altar of Xom.
  5427 | D:7      | Reached XP level 9. HP: 67/67 MP: 7/9
  5430 | D:7      | Reached skill level 5 in Fighting
  5552 | D:7      | Received a gift from Trog
  5765 | D:7      | Found a white marble altar of Elyvilon.
  5765 | D:7      | Found a glowing golden altar of the Shining One.
  5823 | D:7      | Reached skill level 9 in Maces & Flails
  6097 | D:8      | Found a sparkling altar of Nemelex Xobeh.
  6617 | D:9      | Noticed a two-headed ogre
  6640 | D:8      | Killed a two-headed ogre
  6640 | D:8      | Reached skill level 10 in Maces & Flails
  6640 | D:8      | Reached XP level 10. HP: 41/77 MP: 0/10
  6856 | D:9      | Found a staircase to the Orcish Mines.
  6905 | D:8      | Reached skill level 5 in Armour
  7471 | D:3      | Killed Menkaure
  7476 | D:3      | Got a brightly glowing chain mail
  8081 | D:9      | Found a staircase to the Lair.
  8100 | D:9      | Reached skill level 11 in Maces & Flails
  8122 | D:9      | Noticed a two-headed ogre
  8127 | D:9      | Mangled by a two-headed ogre

Skill      XL: |  1  2  3  4  5  6  7  8  9 10 |
---------------+-------------------------------+-----
Long Blades    | 3 4 5 |  5.9
Maces & Flails | 1 4 6 8 10 11 | 11.0
Fighting       | 4 6 7 |  7.5
Armour         | 2 4 5 |  5.6
Dodging        | |  1.7

Action                   |  1- 3 |  4- 6 |  7- 9 | 10-12 || total
-------------------------+-------+-------+-------+-------++-------
Melee: Falchion          |    62 |    43 |       |       ||   105
       Kick              |    21 |    30 |    26 |     9 ||    86
       Long sword        |       |    27 |       |       ||    27
       Morningstar       |       |    37 |   175 |    85 ||   297
Invok: Trog's Hand       |       |     1 |     4 |     4 ||     9
       Berserk           |       |       |     4 |     2 ||     6
  Use: Scroll            |       |     8 |     2 |       ||    10
       Potion            |       |       |     1 |       ||     1
 Stab: Sleeping          |     1 |       |       |       ||     1
  Eat: Chunk             |     1 |     8 |    13 |     3 ||    25
       Ration            |       |       |       |     2 ||     2
Armor: Ring mail         |    21 |    40 |    18 |       ||    79
       Plate armour      |       |       |    34 |    61 ||    95
Dodge: Dodged            |    30 |    55 |    49 |    35 ||   169
Block: Other             |       |       |    23 |    11 ||    34
       Rpst.: Falchion   |     9 |    10 |       |       ||    19
       Long sword        |       |     6 |       |       ||     6
